 Dungeon Crawl Stone Soup version 0.24-a0-536-gdd4cf15266 (webtiles) character file.

Game seed: 17571043407322832480

787 Peloso the Slasher (level 7, -2/60 HPs)
             Began as a Minotaur Fighter on Aug 11, 2019.
             Slain by Duvessa
             ... wielding a +0 rapier
              (12 damage)
             ... on level 4 of the Dungeon.
             The game lasted 00:07:14 (3440 turns).

Peloso the Slasher (Minotaur Fighter)               Turns: 3440, Time: 00:07:15

Health: -2/60      AC:  7    Str: 21    XL:     7   Next: 56%
Magic:  6/6        EV:  9    Int:  5    God:
Gold:   17         SH: 10    Dex: 11    Spells: 6/6 levels left

rFire    . . .     SeeInvis .   a - +0 long sword
rCold    . . .     Gourm    .   c - +0 shield
rNeg     . . .     Faith    .   b - +0 scale mail
rPois    .         Spirit   .   (helmet restricted)
rElec    .         Reflect  .   (no cloak)
rCorr    .         Harm     .   (no gloves)
MR       .....                  (no boots)
Stlth    ..........             (no amulet)
HPRegen  0.20/turn              (no ring)
MPRegen  0.10/turn              (no ring)

@: no status effects
A: retaliatory headbutt, horns 2
a: no special abilities


You were on level 4 of the Dungeon.
You were hungry.

You visited 1 branch of the dungeon, and saw 4 of its levels.

You collected 132 gold pieces.
You spent 115 gold pieces at shops.

Inventory:

Hand Weapons
 a - a +0 long sword (weapon)
Armour
 b - a +0 scale mail (worn)
 c - a +0 shield (worn)
Jewellery
 g - an uncursed ring of positive energy
Wands
 t - a wand of flame (41)
Scrolls
 i - 2 scrolls of remove curse {unknown}
 k - 2 scrolls of teleportation
 o - a scroll of fear {unknown}
 p - 2 scrolls of identify
 q - a scroll of random uselessness {unknown}
 r - a scroll of magic mapping
 s - a scroll of immolation {unknown}
Potions
 d - 4 potions of might
 e - 2 potions of curing
 h - 2 potions of heal wounds {unknown}
 j - 2 potions of flight {unknown}
 l - a potion of agility {unknown}
 m - a potion of brilliance {unknown}
 n - a potion of haste
Comestibles
 f - 6 rations


   Skills:
 + Level 4.9 Fighting
 + Level 6.4 Long Blades
 + Level 5.7 Armour
 + Level 2.7 Dodging
 + Level 0.2 Stealth
 + Level 6.1 Shields


You had 6 spell levels left.
You didn't know any spells.
Your spell library was empty.

Dungeon Overview and Level Annotations

Branches:
Dungeon (4/15)
 Temple: D:4-7

Altars:
Makhleb

Shops:
D:4 ?

Annotations:
D:4 Duvessa


Innate Abilities, Weirdness & Mutations

You reflexively headbutt those who attack you in melee.
You have a pair of horns on your head.


Message History

Duvessa is heavily wounded.
Duvessa hits you with a +0 rapier!!
* * * LOW HITPOINT WARNING * * *
You closely miss Duvessa.
Duvessa is heavily wounded.
You block Duvessa's attack. Duvessa barely misses you.
You riposte.
You hit Duvessa but do no damage. Your headbutt misses Duvessa.
Duvessa is heavily wounded.
Your shield and scale mail prevent you from hitting Duvessa.
Duvessa is heavily wounded.
You block Duvessa's attack.
You hit Duvessa. Your headbutt misses Duvessa.
Duvessa is heavily wounded.
You block Duvessa's attack. x2
It was a potion of curing.
You feel better. Duvessa hits you but does no damage.
You slash Duvessa! Your headbutt misses Duvessa.
Duvessa is severely wounded.
Duvessa hits you with a +0 rapier!
You die...

#.... .... #.... .. #....
#### ########+##
.##....###..####...##....##
.......<.[.........#.......
.........[......(..#...(...
.##..######.##..##.####..##
#########$##..##.####..##
......e@.....#.....#....
.............+.....'....
#'##.###..######รท####.## #
##'##.###..###.##
...#........#...
....#........#...
#....#......$.#...
#...##..##...###.. #..
###+# ###


You could see Duvessa (berserk).

Vanquished Creatures
  Sigmund (D:3)
  Dowan (D:4)
  4 orc priests
  5 orc wizards
  2 hounds
  Natasha (thrice) (D:4 D:3)
  3 gnolls (D:3)
  5 adders
  A dart slug (D:1)
  A leopard gecko (D:3)
  17 orcs
  8 bats
  8 giant cockroaches
  11 goblins
  15 hobgoblins
  2 quokkas
  A ball python (D:3)
  3 frilled lizards
  12 kobolds
  7 rats
110 creatures vanquished.

Notes
Turn   | Place    | Note
-------+----------+-------------------------------------------
     0 | D:1      | Peloso the Minotaur Fighter began the quest for the Orb.
     0 | D:1      | Reached XP level 1. HP: 19/19 MP: 0/0
   149 | D:1      | Reached XP level 2. HP: 25/27 MP: 1/1
   635 | D:1      | Reached XP level 3. HP: 30/33 MP: 2/2
   912 | D:2      | Reached skill level 1 in Dodging
  1065 | D:2      | Reached XP level 4. HP: 36/40 MP: 3/3
  1545 | D:3      | Reached XP level 5. HP: 42/46 MP: 4/4
  1553 | D:3      | Noticed Sigmund
  1821 | D:3      | Reached skill level 5 in Shields
  2019 | D:3      | Killed Sigmund
  2019 | D:3      | Reached skill level 5 in Long Blades
  2019 | D:3      | Reached XP level 6. HP: 53/53 MP: 5/5
  2284 | D:3      | Found a burning altar of Makhleb.
  2390 | D:3      | Reached skill level 5 in Armour
  2399 | D:3      | Reached XP level 7. HP: 44/60 MP: 6/6
  2624 | D:4      | Found Asuluxt's Magic Scroll Emporium.
  2631 | D:4      | Bought a scroll of teleportation for 33 gold pieces
  2631 | D:4      | Bought 2 scrolls of identify for 44 gold pieces
  2631 | D:4      | Bought a scroll of magic mapping for 38 gold pieces
  2670 | D:4      | Noticed Natasha
  2702 | D:4      | Killed Natasha
  2834 | D:4      | Noticed Natasha
  2844 | D:4      | Killed Natasha
  2943 | D:4      | Noticed Natasha
  2960 | D:3      | Killed Natasha
  3010 | D:4      | Noticed Dowan
  3018 | D:4      | Killed Dowan
  3426 | D:4      | Noticed Duvessa
  3435 | D:4      | HP: 3/60 [Duvessa/+0 rapier (19)]
  3440 | D:4      | Slain by Duvessa

Levels and vault maps discovered:
D:1:      mainiacjoe_arrival_reflecting_pool, layout_basic, minmay_pentomino_x2
D:2:      layout_basic
D:3:      layout_loops_ring, makhleb_blood_cavern_becter, uniq_sigmund
D:4:      layout_gridville, minmay_temple_entry_overgrown, serial_shops, shop,
          uniq_duvessa, uniq_ijyb, uniq_natasha, uniq_pikel

Skill      XL: |  1  2  3  4  5  6  7 |
---------------+----------------------+-----
Shields        | 4 5 6 |  6.1
Fighting       | 4 |  4.9
Armour         | 4 5 |  5.7
Dodging        | 1 2 |  2.7
Long Blades    | 3 5 6 |  6.4
Stealth        | |  0.2

Action                   |  1- 3 |  4- 6 |  7- 9 || total
-------------------------+-------+-------+-------++-------
Melee: Long sword        |    84 |   133 |    82 ||   299
       Headbutt          |     9 |    27 |    12 ||    48
  Use: Potion            |       |       |     1 ||     1
  Eat: Chunk             |       |     5 |     3 ||     8
Armor: Scale mail        |    41 |    60 |    23 ||   124
Dodge: Dodged            |    39 |    53 |    24 ||   116
Block: Shield            |    54 |    93 |    37 ||   184
       Rpst.: Long sword |    10 |    12 |     7 ||    29

Table legend:
 A = Non-vault XP
 B = Vault XP
 C = Vault XP percentage of total XP
 D = Non-vault monster count
 E = Vault monster count
 F = Vault count percentage of total count
                 A         B        C        D         E       F
            +---------+---------+-------+---------+---------+-------
      Total |     743 |     382 |  34.0 |     104 |       6 |   5.5
            +---------+---------+-------+---------+---------+-------
        D:1 |      41 |       4 |   8.9 |      25 |       2 |   7.4
        D:2 |      74 |       0 |   0.0 |      24 |       0 |   0.0
        D:3 |     411 |     273 |  39.9 |      46 |       2 |   4.2
        D:4 |     217 |     105 |  32.6 |       9 |       2 |  18.2
            +---------+---------+-------+---------+---------+-------
